 Dungeon Crawl Stone Soup version 0.32-a0-411-g744942f433 (webtiles) character file.

Game seed: 12966267170713615490

1329 ezpacito the Chopper (level 8, 0/61 HPs)
             Began as a Demonspawn Chaos Knight on Feb 20, 2024.
             Was a Plaything of Xom.
             Succumbed to an orc wizard's poison
             ... on level 5 of the Dungeon.
             The game lasted 00:12:11 (5006 turns).

ezpacito the Chopper (Demonspawn Chaos Knight)      Turns: 5006, Time: 00:12:12

Health: 0/61       AC: 15    Str: 14    XL:     8   Next: 34%
Magic:  9/11       EV: 10    Int: 20    God:    Xom [..*...]
Gold:   88         SH:  0    Dex: 12    Spells: 2/11 levels left

rFire   . . .        a - +0 hand axe (chaos)
rCold   . . .        (no shield)
rNeg    + . .        y - +1 scale mail {rN+}
rPois   .            d - +0 helmet
rElec   .            p - +2 cloak
rCorr   .            (no gloves)
SInv    .            w - +0 pair of boots
Will    .....        v - amulet of guardian spirit
Stlth   +            q - +6 ring of intelligence
HPRegen 0.30/turn    (no ring)
MPRegen 0.12/turn

%: guardian spirit
@: lethally poisoned (0 -> -1), studying Fighting
A: icy blue scales 1, demonic guardian 2, demonic touch 2
a: Renounce Religion


You were on level 5 of the Dungeon.
You worshipped Xom.
You were a toy of Xom.
You visited 1 branch of the dungeon, and saw 5 of its levels.

You collected 175 gold pieces.
You spent 87 gold pieces at shops.

Inventory:

Hand Weapons
 a - a +0 hand axe of chaos (weapon)
 e - a +0 war axe
Missiles
 l - 7 poisoned darts
 A - 3 boomerangs (quivered)
 C - 3 datura-tipped darts
Armour
 d - a +0 helmet (worn)
 f - a +0 chain mail
 p - a +2 cloak (worn)
 w - a +0 pair of boots (worn)
 y - a +1 scale mail of positive energy (worn)
Magical Staves
 s - a staff of conjuration
Jewellery
 q - a +6 ring of intelligence (left hand)
 v - an amulet of guardian spirit (around neck)
 D - an amulet of faith
Talismans
 g - a flux talisman
Wands
 b - a wand of mindburst (5)
 h - a wand of acid (9)
 z - a wand of flame (14)
 E - a wand of paralysis (6)
Scrolls
 c - a scroll of butterflies
 j - a scroll of teleportation {unknown}
 k - a scroll of vulnerability {unknown}
 n - a scroll of enchant armour {unknown}
 u - 2 scrolls of revelation {unknown}
 G - a scroll of immolation {unknown}
Potions
 o - a potion of brilliance
 r - 3 potions of enlightenment
Miscellaneous
 F - a sack of spiders


   Skills:
 * Level 4.8 Fighting
 * Level 5.9 Axes
 * Level 0.6 Staves
 * Level 3.0 Armour
 * Level 3.2 Dodging
 * Level 2.4 Stealth
 * Level 2.3 Unarmed Combat
 * Level 2.3 Spellcasting
 * Level 1.2 Conjurations
 * Level 1.4 Necromancy
 * Level 1.0 Evocations


You had 2 spell levels left.
You knew the following spells:

 Your Spells              Type           Power      Damage    Failure   Level
a - Fugue of the Fallen   Necr           8%         N/A       71%         3
b - Curse of Agony        Necr           8%         N/A       100%        5
c - Apportation           Tloc           4%         N/A       54%         1

Your spell library contained the following spells:

 Spells                   Type           Power      Damage    Failure   Level
 Jinxbite                 Hex            4%         N/A       67%         2
 Dazzling Flash           Conj/Hex       8%         N/A       82%         3
 Mephitic Cloud           Conj/Alch/Air  3%         N/A       85%         3
 Ozocubu's Armour         Ice            2%         N/A       88%         3
 Summon Ice Beast         Ice/Summ       2%         N/A       88%         3
 Manifold Assault         Tloc           2%         N/A       99%         4
 Alistair's Intoxication  Alch           1%         N/A       100%        5
 Silence                  Hex/Air        1%         N/A       100%        5
 Summon Mana Viper        Hex/Summ       2%         N/A       100%        5
 Monstrous Menagerie      Summ           1%         N/A       100%        7


Dungeon Overview and Level Annotations

Branches:
Dungeon (5/15)
 Temple: D:4-7

Altars:

Shops:
D:2 *


Innate Abilities, Weirdness & Mutations

You are partially covered in icy blue scales. (AC +2)
A demonic guardian rushes to your aid.
Your touch may inflict irresistible damage on your foes.


Message History

You feel a bit more experienced.
* * * LOW HITPOINT WARNING * * *
You feel very sick.
Okay, then.
You see here a manual of Fighting.
Something appears at your feet!
* * * LOW HITPOINT WARNING * * *
You feel very sick.
You pick up a manual of Fighting and begin studying.
* * * LOW HITPOINT WARNING * * *
You feel very sick.
Okay, then.
* * * LOW HITPOINT WARNING * * *
You feel very sick.
Items here: )) [[ †.
Cast which spell? (? or * to list)
You don't know that spell.
Cast which spell? (? or * to list)
Aiming: Apportation (safe; 54% risk of failure)
Press: ? - help, Dir - move target Apport: a +0 flail
Okay, then.
* * * LOW HITPOINT WARNING * * *
You feel sick.
You see here a +0 club.
* * * LOW HITPOINT WARNING * * *
You feel sick.
* * * LOW HITPOINT WARNING * * *
You feel sick.
* * * LOW HITPOINT WARNING * * *
You feel sick.
Things that are here:
a +0 flail; a +0 leather armour; an orc corpse
* * * LOW HITPOINT WARNING * * *
You feel sick.
Okay, then.
Okay, then.
* * * LOW HITPOINT WARNING * * *
You feel sick.
You die...
Xom thinks this is hilarious!

# .. #.# ..
#.##### #..@..#
#####.# #)#
#############.#
#..........##.#
#..........##)#
#..........##)#
#.......[..##.#
#####.#####.##.).#


There were no monsters in sight!

Vanquished Creatures
  The ghost of Loading the Apothecary, an amateur HuAl (D:4)
  A wyvern (D:4)
  A bullfrog (D:4)
  A scorpion (D:4)
  A wight (D:4)
  2 bombardier beetles
  2 orc priests (D:5)
  2 hounds
  3 iguanas
  3 orc wizards
  Robin (D:2)
  8 gnolls
  10 adders
  2 dart slugs (D:4)
  11 orcs
  5 endoplasms
  7 giant cockroaches
  17 goblins
  14 hobgoblins
  3 jackals (D:1)
  2 quokkas (D:1)
  12 ball pythons
  9 bats
  2 frilled lizards (D:1)
  19 kobolds
  10 rats
149 creatures vanquished.

Vanquished Creatures (collateral kills)
  An orc priest (D:3)
  Crazy Yiuf (D:2)
  3 orcs (D:3)
5 creatures vanquished.

Vanquished Creatures (others)
  A gnoll (D:2)
  An orc (D:4)
  A kobold zombie (D:4)
3 creatures vanquished.

Grand Total: 157 creatures vanquished

Notes
Turn   | Place    | Note
-------+----------+-------------------------------------------
     0 | D:1      | ezpacito the Demonspawn Chaos Knight began the quest for
                  | the Orb.
     0 | D:1      | Reached XP level 1. HP: 18/18 MP: 1/1
    31 | D:1      | XOM: divination: detect creatures
   163 | D:1      | Reached skill level 1 in Dodging
   163 | D:1      | Gained mutation: A weak demonic guardian rushes to your
                  | aid. [demonic ancestry]
   163 | D:1      | Reached XP level 2. HP: 24/24 MP: 2/2
   170 | D:1      | XOM: divination: detect creatures
   339 | D:1      | Reached skill level 3 in Axes
   359 | D:1      | Gained mutation: Your touch may inflict minor irresistible
                  | damage on your foes. [demonic ancestry]
   359 | D:1      | Reached XP level 3. HP: 29/29 MP: 3/3
   887 | D:2      | Noticed Robin
   889 | D:2      | XOM: divination: detect items
   897 | D:2      | Killed Robin
   910 | D:2      | Gained mutation: You are partially covered in icy blue
                  | scales. (AC +2) [demonic ancestry]
   910 | D:2      | Reached XP level 4. HP: 16/35 MP: 5/5
  1186 | D:2      | Found Oporuru's General Store.
  1191 | D:2      | Bought a potion of curing for 30 gold pieces
  1533 | D:2      | Reached skill level 1 in Stealth
  1540 | D:2      | Gained mutation: A demonic guardian rushes to your aid.
                  | [demonic ancestry]
  1540 | D:2      | Reached XP level 5. HP: 28/41 MP: 6/6
  1543 | D:2      | Reached skill level 1 in Spellcasting
  1630 | D:2      | XOM: polymorph bat -> salamander
  1636 | D:2      | Found a runed translucent door.
  1637 | D:2      | Noticed Crazy Yiuf
  1644 | D:2      | Killed Crazy Yiuf
  1645 | D:2      | Reached skill level 4 in Axes
  1726 | D:2      | You fall into a shaft and drop 2 floors!
  1752 | D:4      | Found a large runed translucent door.
  1758 | D:4      | Learned a level 3 spell: Fugue of the Fallen
  1758 | D:4      | Found a large runed translucent door.
  1796 | D:4      | Reached skill level 1 in Unarmed Combat
  2029 | D:2      | XOM: god gift: stone
  2171 | D:3      | Reached XP level 6. HP: 33/48 MP: 7/7
  2317 | D:3      | XOM: cloud trail
  2568 | D:3      | XOM: divination: detect creatures
  2774 | D:3      | XOM: cloud trail
  2791 | D:3      | Identified a scroll of acquirement
  2927 | D:4      | Found a large runed translucent door.
  2933 | D:4      | Found a large runed translucent door.
  2995 | D:4      | Noticed a wyvern
  3017 | D:4      | Killed a wyvern
  3018 | D:4      | Reached skill level 5 in Axes
  3018 | D:4      | Gained mutation: Your touch may inflict irresistible damage
                  | on your foes. [demonic ancestry]
  3018 | D:4      | Reached XP level 7. HP: 22/55 MP: 9/9
  3159 | D:4      | Learned a level 5 spell: Curse of Agony
  3445 | D:4      | XOM: 8-stop teleportation journey
  3628 | D:4      | Found a runed translucent door.
  3632 | D:4      | Noticed Loading's ghost (amateur HuAl)
  3635 | D:4      | Learned a level 1 spell: Apportation
  3896 | D:4      | Identified the +9 dagger of the Shimmering Gods {holy,
                  | Dex+3}
  4244 | D:2      | Bought a potion of curing for 30 gold pieces
  4244 | D:2      | Bought 3 datura-tipped darts for 27 gold pieces
  4337 | D:4      | XOM: silly message
  4425 | D:4      | XOM: divination: magic mapping
  4427 | D:4      | XOM: cast spell 'Dispersal'
  4560 | D:5      | Entered Level 5 of the Dungeon
  4654 | D:5      | Reached XP level 8. HP: 60/61 MP: 9/11
  4678 | D:5      | Reached skill level 1 in Necromancy
  4820 | D:4      | XOM: cast spell 'Summon Ice Beast'
  4827 | D:4      | Killed Loading's ghost
  4828 | D:4      | Reached skill level 1 in Conjurations
  4865 | D:4      | XOM: silly message
  4991 | D:5      | Reached skill level 1 in Evocations
  4997 | D:5      | Acquired a manual of Fighting
  5002 | D:5      | HP: 3/61 [poisoned by an orc wizard]
  5004 | D:5      | HP: 1/61 [poisoned by an orc wizard]
  5006 | D:5      | Succumbed to an orc wizard's poison

Illustrated notes

Levels and vault maps discovered:
D:1:      dpeg_chamrin_arrival_tetris, layout_basic, serial_co_window_serial,
          co_window_of_opportunity_a, co_window_paths_a, co_window_paths_a,
          co_window_corner_a, co_window_of_opportunity_a, co_window_paths_b,
          co_window_broadway_a, co_window_broadway_a, co_window_paths_c,
          co_window_of_opportunity_c, glass_columns_c, glass_columns_a,
          glass_columns_b, serial_bayou_pond_d, chequers_serial_rivers_small_b,
          serial_bayou_pond_c
D:2:      layout_basic, serial_shops, nicolae_shop_just_a_little_nook,
          uniq_robin, uniq_crazy_yiuf_cottage
D:3:      layout_loops_ring
D:4:      corexii_shantytown, layout_basic, ebering_ghost_reflecting_pool,
          minmay_hollow_rounded_squares
D:5:      layout_basic, temple_statues

Skill      XL: |  1  2  3  4  5  6  7  8 |
---------------+-------------------------+-----
Dodging        | 1 2 3 |  3.2
Axes           | 3 4 5 |  5.9
Armour         | 2 3 |  3.0
Stealth        | 1 2 |  2.4
Spellcasting   | 1 2 |  2.3
Unarmed Combat | 1 2 |  2.3
Fighting       | 4 |  4.8
Necromancy     | 1 |  1.4
Conjurations   | 1 |  1.2
Evocations     | 1 |  1.0
Staves         | |  0.6

Action                     |  1- 3 |  4- 6 |  7- 9 || total
---------------------------+-------+-------+-------++-------
  Melee: Hand axe          |    85 |   206 |   135 ||   426
         Touch             |     6 |    25 |    30 ||    61
  Evoke: Wand              |       |       |     4 ||     4
    Use: Potion            |       |     6 |     4 ||    10
         Scroll            |       |     4 |     2 ||     6
   Stab: Sleeping          |       |     4 |     1 ||     5
         Petrified         |       |     1 |       ||     1
 Armour: Leather armour    |    49 |   161 |    21 ||   231
         Skin              |       |    21 |     7 ||    28
         Scale mail        |       |       |    66 ||    66
  Dodge: Dodged            |    74 |   114 |    44 ||   232

Table legend: (Time is in decaauts)
 A = Elapsed time spent in this place.
 B = Non-inter-level travel time spent in this place.
 C = Inter-level travel time spent in this place.
 D = Time resting spent in this place.
 E = Time spent auto-exploring this place.
 F = Levels seen in this place.
 G = Mean time per level.
                   A        B        C        D        E       F      G
               +--------+--------+--------+--------+--------+-----+--------+
         Total |   5036 |   4478 |    558 |    131 |   3104 |   5 | 1007.2 |
       Dungeon |   5036 |   4478 |    558 |    131 |   3104 |   5 | 1007.2 |
               +--------+--------+--------+--------+--------+-----+--------+

Top non-repeatable levels by time:
     D:4: 1923 daAuts
     D:2: 1061 daAuts
     D:1: 889 daAuts
     D:3: 875 daAuts
     D:5: 286 daAuts
